[Event "FRA-ch Teams Top 16-A 2022"]
[Site "Chartres"]
[Date "2022.06.10"]
[Round "2.21"]
[White "Ramirez Garcia, Jorge Alberto"]
[Black "Caille, Hugo"]
[Result "1-0"]
[ECO "B10"]
[WhiteElo "2242"]
[BlackElo "2177"]
[Annotator "TA"]
[PlyCount "173"]
[EventDate "2022.06.09"]
[EventType "team-tourn"]
[EventCountry "FRA"]
[SourceTitle "playchess.com"]
[Source "ChessBase"]
[SourceQuality "1"]
[TimeControl "40/5400+30:1800+30"]

1. e4 c6 2. Nf3 d5 3. d3 dxe4 4. dxe4 Qxd1+ 5. Kxd1 Nf6 6. Nfd2 {[%emt 0:00:07] B10: Caro-Kann: 2 d3 and 2 c4.} g5 7. a4 {[%emt 0:00:09] [#]} Bg7 $146 ({Predecessor:} 7... Rg8 8. a5 Be6 9. Nc3 Nbd7 10. Bc4 Nc5 11. Bxe6 Nxe6 12. Nb3 Ng4 13. Ke2 Bg7 {1-0 (54) Vachier Lagrave,M (2763)-Duda,J (2756) chess24.com INT 2021}) 8. c3 {[%emt 0:03:01] White has an edge.} Be6 9. f3 Nbd7 10. Bc4 Nc5 11. b4 (11. Kc2 $14) 11... Bxc4 $1 $11 12. Nxc4 Nb3 13. Ra2 Nxc1 14. Kxc1 Nd7 15. Kc2 Ne5 16. Nba3 Ng6 17. Kb3 (17. Rd1 {seems wilder.} Rd8 18. Raa1 Be5 19. h3) 17... O-O-O 18. Nb1 (18. Rd2 {looks sharper.} h5 19. Rhd1 Nf4 20. Kc2) 18... Rd3 (18... h5 {feels hotter.} 19. Rd2 b5 20. Nb2 h4) 19. Rd2 Rxd2 20. Nbxd2 Rd8 21. Kc2 Kc7 22. g3 h5 23. Ne3 e6 24. Ndc4 h4 25. Rd1 Rxd1 26. Nxd1 hxg3 27. hxg3 Ne5 28. Nxe5 Bxe5 {[%emt 0:00:05][%mdl 4096] Endgame KB-KN} 29. g4 b5 30. Kb3 Kd6 31. axb5 cxb5 32. Nf2 Kc6 33. Nd3 Bd6 34. c4 f6 35. Ne1 Be5 36. Nc2 a6 37. cxb5+ axb5 38. Na3 Bg3 39. Nc2 Be5 40. Ne1 Bd4 41. Kc2 e5 42. Nd3 Bb6 43. Nc1 Be3 44. Ne2 Bb6 45. Nc3 Bd8 46. Kb3 Bc7 47. Nd5 Bd8 48. Kc3 Kd6 49. Kd3 Ke6 50. Nc3 Be7 51. Nxb5 Bxb4 52. Kc4 Be7 53. Nc7+ Kd6 54. Nd5 Bd8 55. Kb5 Kd7 (55... Be7 $5) 56. Kc5 Ke6 57. Kc6 Ba5 $1 58. Ne3 Bd2 59. Nc4 Bb4 60. Kc7 Ke7 61. Ne3 {[%emt 0:00:00] Threatens to win with Nd5+.} Ba5+ $1 62. Kc8 Ke8 63. Kb7 $1 Bd8 64. Kc6 Ke7 65. Kd5 Kd7 66. Nf5 Be7 67. Ng3 Bf8 68. Ne2 Bb4 69. Nc1 Be7 70. Na2 Ba3 71. Nc3 Bb4 72. Na4 $1 Ba5 73. Nc5+ Ke7 74. Kc6 Bb4 75. Na6 Bd6 $2 (75... Bd2 $11) 76. Nc7 $1 $18 Ba3 $2 (76... Bxc7 $11 77. Kxc7 Kf8) 77. Nd5+ Ke6 78. Kc7 $1 {[%emt 0:00:14] Hoping for Kd8.} Be7 $2 (78... Bc1 $11) 79. Kc8 $1 Bd6 $2 (79... Ba3 $11) 80. Kd8 Kf7 81. Kd7 Bc5 $2 {[%emt 0:01:59][%mdl 8192] [#]} (81... Bf8 $11) 82. Nc7 $1 {[%emt 0:00:11] aiming for Ne6.} Bb6 $2 {[%emt 0:02:35][%mdl 8192] [#]} (82... Bf8 $11) 83. Nb5 $2 (83. Ne6 $1 $18 {[%cal Re6d8] Black must now prevent Nd8+.} Ba5 84. Nd8+ Kg6 85. Nc6) 83... Ba5 $2 (83... Bc5 $11) 84. Nd6+ Kf8 85. Nb7 {[%emt 0:02:27] White is clearly winning.} Bb4 86. Ke6 Be7 87. Na5 {[%emt 0:00:40] Weighted Error Value: White=0.05 (flawless) /Black=0.05 (flawless)} 1-0

[Event "FRA-ch Teams Top 16-A 2022"]
[Site "Chartres"]
[Date "2022.06.10"]
[Round "2.22"]
[White "Cantin, Loic"]
[Black "Iglesias, Yosha"]
[Result "1-0"]
[ECO "A13"]
[WhiteElo "2199"]
[BlackElo "2202"]
[Annotator "TA"]
[PlyCount "100"]
[EventDate "2022.06.09"]
[EventType "team-tourn"]
[EventCountry "FRA"]
[SourceTitle "playchess.com"]
[Source "ChessBase"]
[SourceQuality "1"]
[TimeControl "40/5400+30:1800+30"]

1. Nf3 d5 2. c4 e6 3. g3 d4 4. Bg2 Nc6 5. O-O Bc5 6. d3 {[%emt 0:00:00] A13: English Opening: 1...e6.} Nge7 {[%emt 0:03:28] [#]} 7. b3 $146 ({Predecessor:} 7. Nbd2 Nf5 8. Nb3 Be7 9. e4 dxe3 10. fxe3 a5 11. e4 Nfd4 12. Nfxd4 Nxd4 13. Be3 Nxb3 14. axb3 {1-0 (44) Bok,B (2624)-Hammer,J (2619) Chess.com INT 2022}) 7... Qd6 8. Bb2 {[%emt 0:00:00] White is slightly better.} O-O 9. Qc1 ({Better is} 9. Nfd2 $14) 9... a5 10. Na3 e5 11. Ng5 {[%emt 0:00:00] Threatens to win with Ne4.} Bxa3 (11... Bf5 {feels hotter.} 12. f4 f6 13. Ne4 Bxe4 14. Bxe4 a4) 12. Bxa3 Qg6 (12... Nb4 $11) 13. Bxc6 $16 Nxc6 14. Bxf8 {[%emt 0:00:00] Strongly threatening Ba3.} Kxf8 15. f4 h6 (15... Bg4 $16 16. Nf3 (16. fxe5 Nxe5 17. Qd2 c5 $16) 16... e4) 16. Nf3 $18 e4 17. Nh4 Qh5 {[%emt 0:03:43] [#]} 18. dxe4 (18. f5 $1 $18) 18... Qxe2 (18... Bg4 $16 {is a better defense.}) 19. Qe1 (19. f5 $18) 19... Bg4 $16 20. Rf2 Qxe1+ 21. Rxe1 a4 22. Kg2 d3 23. Rd2 Be2 (23... axb3 $16 24. axb3 Nd4) 24. Nf3 $18 axb3 25. axb3 Bxf3+ 26. Kxf3 {[%emt 0:00:00][%mdl 4096] Endgame KRR-KRN} Nd4+ 27. Kg4 Nxb3 (27... Nc2 $142) 28. Rxd3 Nc5 29. Rd2 Ke7 (29... g6 $142 30. f5 Ke7) 30. Rd5 b6 31. Red1 Ra4 (31... g6 $142 32. Kh3 h5) 32. R5d4 (32. Re5+ $18 Kf6 33. Re8 Rxc4 34. e5+ Kg6 35. Re7) 32... Ra2 (32... g6 $16 {was necessary.} 33. R1d2 Kf8) 33. h4 Ra3 34. h5 Re3 35. e5 Ne4 $2 (35... Re2 36. Kf3 Rh2) 36. Rd7+ Ke6 37. f5+ ({Weaker is} 37. Kh4 Nxg3 38. Kg4 (38. Rxc7 $2 {gets mated.} Nf5+ 39. Kg4 Rg3#) 38... Nf5 $16) 37... Kxe5 {[%emt 0:00:02] ( -> ...Nf2+)} 38. R1d5+ {[%emt 0:00:14] White is clearly winning.} Kf6 39. Rxc7 Ng5 40. Rd6+ Ke5 {[%emt 0:00:03] [#]} 41. Re7+ $1 Kxd6 42. Rxe3 {[%emt 0:00:06][%cal Of5f6] aiming for f6! KR-KN} Kc5 43. f6 gxf6 44. Kf5 Kxc4 45. Kxf6 b5 46. Kg7 b4 47. Kxh6 Ne6 48. Kh7 b3 49. Kg8 b2 50. Re1 Kd5 {[%emt 0:26:08] Weighted Error Value: White=0.22 (precise) /Black=0.35} 1-0

[Event "FRA-ch Teams Top 16-A 2022"]
[Site "Chartres"]
[Date "2022.06.10"]
[Round "2.23"]
[White "Baillon, Olivier"]
[Black "Da Silva, Quentin"]
[Result "1/2-1/2"]
[ECO "E60"]
[WhiteElo "2197"]
[BlackElo "2171"]
[Annotator "TA"]
[PlyCount "53"]
[EventDate "2022.06.09"]
[EventType "team-tourn"]
[EventCountry "FRA"]
[SourceTitle "playchess.com"]
[Source "ChessBase"]
[SourceQuality "1"]
[TimeControl "40/5400+30:1800+30"]

1. Nf3 Nf6 2. c4 g6 3. b3 Bg7 4. Bb2 d6 5. d4 O-O 6. g3 c5 {[%emt 0:05:57] 6...e5 is the modern continuation.} 7. Nc3 (7. Bg2 $1 $14) 7... cxd4 $11 {[%emt 0:05:15] E60: King's Indian: Unusual lines and Fianchetto Variation without Nc3.} 8. Qxd4 Qa5 {[%emt 0:09:50][%cal Of6e4] aiming for ...Ne4!} 9. Qd2 {[%emt 0:25:39] [#]} Ne4 $146 {[%emt 0:14:02] Black is slightly better.} ({Predecessor:} 9... Nc6 10. Bg2 Qh5 11. Nd5 Be6 12. Nxf6+ exf6 13. Qxd6 Rad8 14. Qa3 Rfe8 15. O-O Bd7 {0-1 (28) Sirpas,A (1825)-Raeva,E (2286) Sunny Beach 2010}) 10. Nxe4 Qxd2+ {[%emt 0:00:06][%mdl 64] Remove Defender} 11. Nfxd2 {[%emt 0:00:24] Strongly threatening Bxg7.} Bxb2 12. Rb1 Bg7 13. Bg2 Nc6 14. O-O Nb4 15. a3 Nc2 16. a4 $1 Nb4 17. Rfc1 Bf5 18. Bf3 h5 19. Kg2 $1 Rab8 20. h3 b6 21. g4 hxg4 22. hxg4 Bd7 23. Nc3 a6 24. g5 Rfc8 25. Nd5 Nxd5 26. Bxd5 Bf5 {[%emt 0:03:22] This bishop pair is nice.} 27. Be4 {[%emt 0:00:33] Weighted Error Value: White=0.12 (very precise) /Black=0.06 (flawless)} 1/2-1/2

[Event "FRA-ch Teams Top 16-A 2022"]
[Site "Chartres"]
[Date "2022.06.10"]
[Round "2.24"]
[White "Auvray, Juliette"]
[Black "Dieuleveut, Floriane"]
[Result "1-0"]
[ECO "B53"]
[WhiteElo "1970"]
[BlackElo "1863"]
[Annotator "TA"]
[PlyCount "107"]
[EventDate "2022.06.09"]
[EventType "team-tourn"]
[EventCountry "FRA"]
[SourceTitle "playchess.com"]
[Source "ChessBase"]
[SourceQuality "1"]
[TimeControl "40/5400+30:1800+30"]

1. e4 c5 2. Nf3 d6 3. d4 cxd4 4. Qxd4 Nc6 5. Bb5 Bd7 6. Bxc6 Bxc6 7. Nc3 Nf6 8. Bg5 e6 9. O-O-O Be7 10. Qd3 $1 {[%emt 0:01:15][%mdl 4] is now more promising than 10.Rhe1.} Qa5 11. h4 O-O 12. Nd4 {[%emt 0:01:18] Prevents b5. B53: Sicilian: 2...d6: Lines with Qxd4.} a6 13. f4 {[%emt 0:08:15] [#]} Qc7 $146 ({Predecessor:} 13... Rac8 14. f5 h6 15. Kb1 Bd7 16. g4 exf5 17. e5 dxe5 18. Nb3 Bb5 19. Qxf5 Qb6 20. Bxf6 Qxf6 {½-½ (41) Simal Moreira,L (2359)-Marez,S (2377) ICCF email 2017}) 14. f5 {[%emt 0:25:09] White is slightly better.} Bd7 15. g4 b5 16. Bxf6 ({White should try} 16. a3 $14) 16... Bxf6 $15 17. g5 Be5 18. f6 (18. Kb1 $11) 18... b4 19. fxg7 Rfc8 20. Nce2 Qa5 (20... Bb5 $15 21. Nxb5 axb5) 21. Kb1 $1 $11 Bb5 (21... Kxg7 22. h5) 22. Nxb5 axb5 23. Qb3 {[%emt 0:00:21][%cal Og5g6] Active counter play!} Rc6 24. h5 {[%emt 0:00:31][%cal Og5g6] g6! is the strong threat.} ({Wrong is} 24. Nd4 $2 Rca6 25. Rh3 Qxa2+ 26. Qxa2 Rxa2 $19) 24... Rca6 {[%emt 0:03:42] [#]} (24... Kxg7 $14 25. Nc1 Rc4) 25. Nc1 $1 $18 {[%emt 0:00:30][%cal Og5g6] Threatens to win with g6!} Kxg7 26. Rdf1 R6a7 $2 (26... Qa4) 27. g6 $1 Qa4 28. gxf7 $2 (28. h6+ $18 {is the precise move to win.} Kh8 29. gxf7) 28... Qxb3 $16 29. cxb3 {[%emt 0:00:33] Really sharp!} ({Much worse is} 29. Nxb3 Rxf7 30. h6+ Kf8 $11) 29... Bf6 ({Black should play} 29... Kf8 $14) 30. Rf3 ({Better is} 30. Rh2 $18 Rxf7 31. Rg2+ Kf8 32. Rgf2) 30... Rxf7 {[%emt 0:00:51] [#]} (30... Bd4 $142) 31. Rhf1 (31. Rg1+ $1 $16 Kh8 32. Rgf1) 31... Raf8 $1 $11 32. Nd3 $36 {[%emt 0:00:08][%mdl 2048] White has the initiative.} Bg5 33. Rxf7+ Rxf7 {[%emt 0:00:04] White now steadily converts the win.} 34. Rxf7+ Kxf7 35. Nxb4 $14 {[%emt 0:00:32][%mdl 4096] Endgame And now Nc6 would win. KB-KN} Kf6 (35... Kg7 $16 {was necessary.}) 36. Kc2 Be3 37. Kd3 Bb6 (37... Bg1 38. a4 Kg5) 38. a4 $18 {[%emt 0:00:34] Strongly threatening Nc6.} Kg5 39. Nc6 {[%emt 0:00:19] Black must now prevent a5.} Kxh5 40. a5 Bg1 (40... Bxa5 $142 41. Nxa5 Kg4) 41. a6 Bb6 42. a7 Bxa7 43. Nxa7 {[%emt 0:00:05] KN-KP} b4 44. Nc6 {[%emt 0:01:53] White mates.} Kg4 45. Ke3 h5 46. Nxb4 {[%emt 0:00:19] KN-K3P} h4 47. Nd3 Kg3 48. Nf2 d5 49. exd5 exd5 50. b4 d4+ 51. Ke2 Kf4 52. b5 Ke5 53. Kd3 Kf4 54. b6 {[%emt 0:00:32] Weighted Error Value: White=0.23 (precise) /Black=0.51} 1-0

[Event "FRA-ch Teams Top 16-A 2022"]
[Site "Chartres"]
[Date "2022.06.10"]
[Round "2.25"]
[White "Piorun, Kacper"]
[Black "Mamedov, Rauf"]
[Result "1/2-1/2"]
[ECO "D10"]
[WhiteElo "2635"]
[BlackElo "2656"]
[Annotator "TA"]
[PlyCount "35"]
[EventDate "2022.06.09"]
[EventType "team-tourn"]
[EventCountry "FRA"]
[SourceTitle "playchess.com"]
[Source "ChessBase"]
[SourceQuality "1"]
[TimeControl "40/5400+30:1800+30"]

1. d4 d5 2. c4 c6 3. Nc3 Nf6 4. e3 Bf5 5. cxd5 cxd5 6. Qb3 Nc6 $1 {[%emt 0:00:02][%mdl 4] is recently more successful than 6...Bc8. D10: Slav Defence: 3 cxd5 (without early Nf3) and 3 Nc3.} 7. Qxb7 Bd7 $1 {[%emt 0:00:02] [#] Threatens to win with ...Rb8.} 8. Qb3 Rb8 {[%emt 0:00:07] White has an edge.} 9. Qd1 e5 10. dxe5 Nxe5 11. Be2 Bd6 12. Nf3 Nxf3+ 13. Bxf3 Qc7 {[%emt 0:00:01] [#]} 14. g3 $1 $146 {[%emt 0:17:45][%mdl 8] The position is equal. An important novelty.} ({Predecessor:} 14. h3 O-O 15. O-O Rfd8 16. Qd3 Bh2+ 17. Kh1 Be5 18. Rd1 Be6 19. Nb5 Qd7 20. Nd4 Bxh3 {½-½ (62) Rustemov,A (2525)-Matlakov,M (2671) Chess.com INT 2022}) 14... Bh3 $1 15. Qa4+ $1 Bd7 16. Qd1 Bh3 {[%emt 0:00:05] White must now prevent ...0-0.} 17. Qa4+ $1 Bd7 18. Qd1 {[%emt 0:02:28] Weighted Error Value: White=0.03 (flawless) /Black=0.00 (flawless)} 1/2-1/2

[Event "FRA-ch Teams Top 16-A 2022"]
[Site "Chartres"]
[Date "2022.06.10"]
[Round "2.26"]
[White "Lagarde, Maxime"]
[Black "Malakhov, Vladimir"]
[Result "1-0"]
[ECO "D13"]
[WhiteElo "2628"]
[BlackElo "2652"]
[Annotator "TA"]
[PlyCount "56"]
[EventDate "2022.06.09"]
[EventType "team-tourn"]
[EventCountry "FRA"]
[SourceTitle "playchess.com"]
[Source "ChessBase"]
[SourceQuality "1"]
[TimeControl "40/5400+30:1800+30"]

1. d4 d5 2. c4 c6 3. cxd5 cxd5 4. Bf4 Nc6 5. e3 Nf6 6. Nc3 e6 7. Bd3 Be7 8. h3 O-O 9. Nf3 Bd6 {[%emt 0:00:50] D13: Slav Defence: Exchange variation without ...Bf5.} 10. O-O Bxf4 11. exf4 Qd6 {[%emt 1:26:16] The position is equal.} 12. Qd2 (12. Ne5 {keeps more tension.} Bd7 13. a3 Rac8 14. Rc1) 12... Bd7 {[%emt 0:00:00] [#]} 13. Rac1 $146 ({Predecessor:} 13. Rad1 Rac8 14. Rfe1 a6 15. Bb1 Na5 16. Ne5 Nc4 17. Qc2 g6 18. g4 b5 19. a3 a5 20. Qb3 Rb8 21. Ne2 Rfc8 22. Qg3 Nxb2 23. Qh4 Kg7 {½-½ (23) Maisuradze,N (2200)-Roeder,M (2376) San Sebastian 2018}) 13... Rac8 14. Rfe1 a6 15. Ne5 Rc7 16. Re3 Rfc8 17. Rce1 Nxd4 18. Bxh7+ $1 Kxh7 19. Qxd4 Qc5 20. Qd2 {[%emt 0:01:00] Hoping for Rg3.} Be8 {[%emt 0:00:30] White must now prevent ...d4.} 21. Ng4 d4 {[%emt 0:00:00] Black cannot hold the game after this.} (21... Ne4 $16 {was called for.} 22. Nxe4 dxe4) 22. Re5 $18 Qe7 (22... Qc4 $2 23. Nxf6+ gxf6 24. Rh5+ Kg8 {[#]} 25. f5 $1 $18) 23. Qxd4 Rc4 24. Qd3+ g6 $2 (24... Kg8 25. Nxf6+ Qxf6) 25. f5 Nxg4 26. fxg6+ {[%emt 0:00:00][%mdl 64] [#] Deflection} fxg6 $2 (26... Kg7) 27. Rxe6 Qh4 28. Re7+ Kh6 {[%emt 0:00:00] Weighted Error Value: White=0.05 (flawless) /Black=0.34} 1-0

[Event "FRA-ch Teams Top 16-A 2022"]
[Site "Chartres"]
[Date "2022.06.10"]
[Round "2.27"]
[White "Van Foreest, Lucas"]
[Black "Tiviakov, Sergei"]
[Result "1/2-1/2"]
[ECO "D00"]
[WhiteElo "2572"]
[BlackElo "2567"]
[Annotator "TA"]
[PlyCount "129"]
[EventDate "2022.06.09"]
[EventType "team-tourn"]
[EventCountry "FRA"]
[SourceTitle "playchess.com"]
[Source "ChessBase"]
[SourceQuality "1"]
[TimeControl "40/5400+30:1800+30"]

1. d4 Nf6 2. Bg5 d5 3. e3 c5 4. Bxf6 gxf6 5. dxc5 e6 6. Nf3 {[%emt 0:02:52] D00: 1 d4 d5: Unusual lines.} Nc6 7. Be2 Bxc5 8. O-O O-O 9. c4 dxc4 10. Qa4 {[%emt 0:00:26] [#]} Bd7 $146 ({Predecessor:} 10... f5 11. Qxc4 Bb6 12. Nc3 Qf6 13. Rfd1 Rd8 14. Rxd8+ Qxd8 15. Rd1 Qe7 16. e4 fxe4 17. Qxe4 {½-½ (46) Swiercz,D (2665)-Vidit,S (2723) Chess.com INT 2022}) 11. Qxc4 Be7 12. Rd1 Rc8 13. Nc3 Kh8 14. Rd2 Nb8 (14... Ne5 $14 15. Qh4 Rg8) 15. Qh4 {[%emt 0:01:22] White is much more active. The black rooks are badly placed.} Rg8 16. Rad1 a6 {[%emt 0:01:37] Against Bb5} 17. Ne4 f5 {[%emt 0:19:05][%csl LRe4,LRh4] [#]} 18. Qh5 {[%emt 0:13:32][%cal Of3e5] Threatens to win with Ne5!} f6 {[%emt 0:00:35] Prevents Ne5.} (18... fxe4 19. Ne5) 19. Nd6 Bxd6 20. Rxd6 Qe7 {[%emt 0:00:05] Against Qf7} 21. R6d2 Ba4 22. b3 Bc6 23. g3 Be8 24. Qh6 Nc6 25. Qf4 Rg7 26. h3 Rc7 27. Qh4 Rd7 28. e4 Rxd2 29. Rxd2 fxe4 30. Qxe4 Bd7 31. Nd4 (31. Qe3 $16) 31... Nxd4 (31... e5 $11 {keeps the balance.} 32. Nxc6 Bxc6) 32. Qxd4 $16 ({Of course not} 32. Rxd4 e5 33. Rd3 Bc6 $11) 32... Bc6 $1 33. Qe3 Rg5 34. Bf3 {[%emt 0:00:14] Hoping for Bxc6.} Rc5 35. Bxc6 Rxc6 {[%emt 0:00:01][%mdl 4096] Endgame KQR-KQR} 36. Qf3 Rc1+ 37. Kg2 Kg7 38. Rd4 (38. Qf4 {with more complications.} h5 39. Rd6 e5 40. Qd2) 38... Rc5 39. Qg4+ Kf8 40. Qd1 {[%emt 0:00:09] aiming for Rd8+.} Ke8 {[%emt 0:00:37] Inhibits Rd8+.} 41. b4 Rc7 42. a3 e5 43. Rd5 Rd7 {[%emt 0:01:05] [#]} 44. Kf3 ({White should play} 44. g4 $1 $16) 44... f5 $14 45. Kg2 Kd8 46. Qd2 Rxd5 47. Qxd5+ {[%emt 0:00:00] KQ-KQ} Kc7 48. Qc4+ Kd7 49. Qd3+ Ke6 50. Qc4+ Kd7 51. Qd5+ Kc7 52. g4 fxg4 53. hxg4 Qf6 54. f3 h6 55. Kf2 Qb6+ {[%emt 0:02:01] The position is equal.} 56. Ke2 Qb5+ 57. Qxb5 axb5 $11 {[%emt 0:00:02] KP-KP} 58. Ke3 {[%emt 0:00:00] White wants to mate with Ke4.} Kd6 59. Ke4 {[%emt 0:00:00] Threatening mate with Kf5.} Ke6 60. f4 exf4 61. Kxf4 Kf6 62. Ke4 Kg5 63. Kf3 Kg6 64. Ke4 Kg5 65. Kf3 {[%emt 0:00:00] Weighted Error Value: White=0.10 (very precise) /Black=0.10 (very precise)} 1/2-1/2

[Event "FRA-ch Teams Top 16-A 2022"]
[Site "Chartres"]
[Date "2022.06.10"]
[Round "2.28"]
[White "Kamsky, Gata"]
[Black "Flom, Gabriel"]
[Result "1-0"]
[ECO "D00"]
[WhiteElo "2661"]
[BlackElo "2442"]
[Annotator "TA"]
[PlyCount "121"]
[EventDate "2022.06.09"]
[EventType "team-tourn"]
[EventCountry "FRA"]
[SourceTitle "playchess.com"]
[Source "ChessBase"]
[SourceQuality "1"]
[TimeControl "40/5400+30:1800+30"]

1. d4 Nf6 2. Bf4 d5 3. e3 c5 4. c3 Nc6 5. Nd2 cxd4 6. exd4 {[%emt 0:00:07] D00: 1 d4 d5: Unusual lines.} Bf5 7. Qb3 Qc8 8. Ngf3 e6 9. Be2 h6 10. O-O Be7 11. Ne5 O-O 12. a4 Nd7 {[%emt 0:13:22] [#]} 13. Nef3 $146 ({Predecessor:} 13. Ndf3 a6 14. Rfc1 Be4 15. Qd1 Ndxe5 16. Nxe5 Nxe5 17. dxe5 f6 18. exf6 Bxf6 19. Be3 {½-½ (36) Kamsky,G (2762)-Fressinet,L (2700) Beijing 2012}) 13... Bd8 14. Rfe1 Bc7 15. Bg3 Bxg3 16. hxg3 Qc7 17. Bb5 a6 {[%emt 0:05:10] Threatens to win with ...Na5.} 18. Bf1 Rfe8 19. Qa3 e5 20. dxe5 Ncxe5 21. a5 Nxf3+ 22. Nxf3 Be4 23. Nd4 Ne5 24. b4 Nc4 25. Bxc4 dxc4 26. Re3 $1 Bd3 {[%emt 0:01:41] White must now prevent ...Rxe3.} 27. Rae1 Rxe3 28. Rxe3 Qd7 29. Qc1 Re8 30. f3 Qa4 31. Rxe8+ Qxe8 $14 {[%emt 0:00:02][%mdl 4096] Endgame KQB-KQN} 32. Kf2 Qa4 33. g4 Kh7 34. Kg3 (34. Qe1 $14) 34... Qe8 $1 $11 35. Kf2 Qa4 36. Qe1 Qa2+ 37. Kg3 Qb2 38. f4 Qa3 39. Nf3 Qb2 40. g5 h5 41. Nd4 ({White should try} 41. Kh2 $16) 41... g6 $2 (41... Kg6 $11) 42. Nf3 (42. Kh2 $1 $18) 42... Bf5 $1 $14 43. Qe3 (43. Kh2 $5 ) 43... Qa1 (43... Kg8 $11) 44. Qe1 Qb2 45. Nd4 h4+ 46. Kf3 h3 $2 (46... Kg8 $11 {and Black has nothing to worry.}) 47. gxh3 $18 Bxh3 {[%emt 0:00:30] [#]} (47... Bd3 $142) 48. Ke4 $1 {aiming for Qh4+.} Qg2+ 49. Ke5 Qg4 50. Qe3 $2 (50. Qh1 $18) 50... Bg2 ({Reject} 50... Qd7 $6 51. Qf2 $11 (51. Qe2 Bf5 $11)) (50... Qc8 $16 {was necessary.} 51. Qe4 Kg8) 51. Kd6 {Strongly threatening Kc7.} Qc8 {[%emt 0:00:30] ( -> ...Qd8+)} 52. Qe7 {Prevents Qd8+.} Qb8+ (52... Kg8 $142 53. Qc7 Qf8+ 54. Kd7 Bh1 55. Qxc4 Kh8) 53. Kc5 $2 (53. Qc7 $18 Qe8 54. Kc5) 53... Qxf4 54. Kxc4 Kg8 $1 55. Kc5 Qd2 (55... Qb8 $1 $11 {keeps the balance.}) 56. c4 (56. Qe8+ $16 Kg7 57. Qe5+ Kh7 58. c4) 56... Bh1 57. Qc7 $2 (57. Qe8+ $11 Kg7 58. Qe5+ Kg8 59. Qg3) 57... Kg7 $2 {[%emt 0:00:30][%mdl 8192] [#]} (57... Qxg5+ $17 {and life is bright.} 58. Kb6 Qf6+ 59. Kc5 Kg7) 58. Qe5+ $2 ({Only move:} 58. Ne6+ $1 $18 Kg8 59. Qd8+ Qxd8 60. Nxd8) 58... Kg8 $1 $11 {[%emt 0:00:30] The position is equal.} 59. Ne2 Qd7 60. Nf4 Qc8+ 61. Kd4 {[%mdl 32768] Weighted Error Value: White=0.41/Black=0.36. Sensor Board Error (Ke4/e5)?} 1-0

[Event "FRA-ch Teams Top 16-A 2022"]
[Site "Chartres"]
[Date "2022.06.10"]
[Round "2.29"]
[White "Abergel, Thal"]
[Black "Bauer, Christian"]
[Result "1-0"]
[ECO "B21"]
[WhiteElo "2378"]
[BlackElo "2596"]
[Annotator "TA"]
[PlyCount "95"]
[EventDate "2022.06.09"]
[EventType "team-tourn"]
[EventCountry "FRA"]
[SourceTitle "playchess.com"]
[Source "ChessBase"]
[SourceQuality "1"]
[TimeControl "40/5400+30:1800+30"]

1. e4 c5 2. Be2 Nc6 3. f4 g6 4. Nf3 Bg7 5. d3 d6 6. c3 {[%emt 0:02:50] B21: Sicilian: 2 f4 and Morra Gambit.} Rb8 7. O-O Nf6 8. Qe1 {[%emt 0:07:03] The position is equal.} O-O 9. Nbd2 b5 10. a3 {[%emt 0:03:29] [#]} Nd7 $146 ({Predecessor:} 10... a5 11. Qh4 b4 12. axb4 axb4 13. Nc4 bxc3 14. bxc3 Rb3 15. Bd2 d5 16. Nce5 Bb7 17. Nxc6 Bxc6 {0-1 (43) Moskalenko,A (2515)-Le,T (2514) Chess.com INT 2021}) 11. Ng5 e6 12. Ndf3 {[%emt 0:01:26][%cal Og5h7] aiming for Nxh7!} (12. Qh4 h6 13. Ngf3 Qxh4 14. Nxh4 b4 15. axb4 cxb4 $17) 12... Nb6 (12... h6 $5 13. Nh3 a5 $15) 13. g4 (13. Qh4 h6 $15) ({Better is} 13. e5) 13... f6 14. Nh3 f5 $36 {[%emt 0:00:20][%mdl 2048] Black has good play.} 15. Nh4 Ne7 (15... Bf6 $5 16. Ng2 Na5 $15) 16. Bf3 Qd7 17. Qg3 Bb7 18. Rf2 c4 19. gxf5 exf5 20. exf5 (20. Be3 $1 $15) 20... Nxf5 (20... Bxf3 $17 21. Rxf3 Nxf5 22. Nxf5 Qxf5) 21. Nxf5 $15 Qxf5 22. Be3 $1 Bxf3 ({Of course not} 22... Qxd3 23. Bxb6 axb6 24. Bxb7 Rxb7 25. Qxd3 cxd3 26. Rd1 $11) 23. Qxf3 cxd3 (23... Nd5 $15 24. Bxa7 Ra8 25. dxc4 bxc4) 24. Bxb6 $11 Rxb6 25. Rd1 a5 26. Rxd3 (26. Qxd3 {is interesting.} b4 27. axb4 axb4 28. Ng5) 26... b4 27. cxb4 axb4 28. a4 h6 29. Kg2 Kh7 30. b3 Rc8 31. Rd5 Qf6 {[%emt 0:00:04] [#]} (31... Qf7 $11) 32. Ng5+ $1 $14 Kh8 33. Ne4 {[%emt 0:00:27] Prevents Rc3.} Qe6 34. Rfd2 Rc1 35. a5 Rbc6 36. Rxd6 Rxd6 37. Rxd6 Qf5 38. a6 ({White should play} 38. Rd8+ $16 Kh7 39. Rd5 $1 (39. a6 Ra1 $11)) 38... Ra1 $1 $11 39. h4 Ra2+ 40. Kg3 {[%emt 0:00:00] And now Qd3 would win.} Ra3 $2 {[%emt 0:01:18][%mdl 8192] This move loses the game for Black.} (40... h5 $1 $14) 41. Qd3 $1 $18 {[%emt 0:01:13][%cal Oh4h5] Strongly threatening h5!} Qf7 $2 (41... Ra1 42. Qc4 h5) 42. Nc5 {[%emt 0:13:15] Threatens to win with Rd8+.} Bf6 {[%emt 0:04:16] Inhibits Rd8+.} 43. Qe4 Qf8 {[%emt 0:07:27] [#]} 44. Rd7 $1 {[%emt 0:05:22][%cal Oa6a7] Hoping for a7!} Ra2 {[%emt 0:01:08] [#]} (44... Bg7 45. Qxg6) 45. a7 $1 {[%emt 0:01:20] Active counter play!} Ra5 {[%emt 0:02:16] [#]} (45... Qg8 46. Qxb4) 46. Qxg6 $1 Bxh4+ (46... Qg8 47. Qxg8+) 47. Kh3 ({And not} 47. Kxh4 Qxf4+ 48. Qg4 (48. Kh3 Qf3+ 49. Kh4 Qf4+ 50. Qg4 Qh2+ 51. Qh3 Qf4+ 52. Qg4 Qh2+ 53. Qh3 Qf4+ 54. Qg4 $11) 48... Qh2+ 49. Qh3 Qf4+ 50. Qg4 Qh2+ 51. Qh3 Qf4+ 52. Qg4 $11) 47... Be7 48. Ne6 {[%emt 0:00:18] Weighted Error Value: White=0.08 (flawless) /Black=0.63} 1-0